 Dungeon Crawl Stone Soup version 0.13.1-20-gf50ca03 (webtiles) character file.

3991 Kae the Grappler (level 9, -1/66 HPs)
             Began as a Green Draconian Transmuter on Dec 30, 2013.
             Was a Believer of Sif Muna.
             Slain by a wolf (2 damage)
             ... led by Grum
             ... on Level 8 of the Dungeon.
             The game lasted 00:29:45 (11910 turns).

Kae the Grappler (Green Draconian Transmuter)      Turns: 11910, Time: 00:29:45

HP  -1/66        AC  8     Str 13      XL: 9   Next: 90%
MP  19/20        EV 11     Int 16      God: Sif Muna [**....]
Gold 305         SH  7     Dex 12      Spells:  4 memorised,  9 levels left

Res.Fire  : . . .   See Invis. : .     - Unarmed
Res.Cold  : . . .   Warding    : .   (armour unavailable)
Life Prot.: . . .   Conserve   : .   F - +1 buckler
Res.Poison: +       Res.Corr.  : .   (helmet restricted)
Res.Elec. : .       Clarity    : .   E - +0 cloak
Sust.Abil.: . .     Spirit.Shd : .   (no gloves)
Res.Mut.  : .       Stasis     : .   (no boots)
Res.Rott. : .       Flight     : .   (no amulet)
Saprovore : . . .                    v - ring of invisibility
                                     w - ring of wizardry

@: appendage, short of breath, slightly resistant to hostile enchantments,
unstealthy
A: breathe noxious fumes, unfitting armour, horns 2, poison resistance, AC +7
a: Breathe Noxious Fumes, End Transformation, Channel Energy, Forget Spell,
Renounce Religion, Evoke Invisibility


You were on level 8 of the Dungeon.
You worshipped Sif Muna.
Sif Muna was pleased with you.
You were hungry.
You had grown temporary horns.
You visited 2 branches of the dungeon, and saw 10 of its levels.

You collected 285 gold pieces.

Inventory:

Missiles
 b - 119 arrows
Armour
 E - a +0 cloak (worn)
 F - a +1 buckler (worn)
Magical devices
 q - a wand of polymorph (24)
 s - a wand of magic darts (9) {unknown}
 z - a wand of fireball (4) {unknown}
Comestibles
 a - 2 bread rations
 A - a snozzcumber
 B - an apricot
 C - a cheese
 J - a meat ration
Scrolls
 c - 4 scrolls of identify
 f - 4 scrolls of curse armour
 g - a scroll of fear
 h - a scroll of fog
 l - a scroll of curse jewellery
 m - 5 scrolls of teleportation
 r - 3 scrolls of remove curse
 y - a scroll of amnesia
Jewellery
 u - an uncursed ring of protection from fire {unknown}
 v - a ring of invisibility (right hand)
 w - a ring of wizardry (left hand)
Potions
 j - a potion of poison {unknown}
 k - 2 potions of agility {unknown}
 o - a potion of brilliance {unknown}
 p - 2 potions of magic {unknown}
 x - a potion of paralysis {unknown}
 H - a potion of curing
 I - a potion of degeneration {unknown}
Books
 d - a book of Changes

   Spells                             Type                      Level
   *Beastly Appendage                 Transmutation                1
   *Sticks to Snakes                  Transmutation                2
   *Spider Form                       Transmutation/Poison         3
   Ice Form                           Ice/Transmutation            4
   *Blade Hands                       Transmutation                5
 M - a book of Enchantments

   Spells                             Type                      Level
   Cause Fear                         Hexes                        4
   Silence                            Hexes/Air                    5
   Tukima's Dance                     Hexes                        5
   Deflect Missiles                   Charms/Air                   6
   Haste                              Charms                       6
   Discord                            Hexes                        8
Magical staves
 K - an uncursed staff of air


   Skills:
 - Level 1.1 Fighting
 - Level 1.7 Dodging
 * Level 9.6 Unarmed Combat
 + Level 6.2 Spellcasting
 * Level 9.1 Transmutations


You had 9 spell levels left.
You knew the following spells:

 Your Spells              Type           Power        Failure   Level  Hunger
a - Beastly Appendage     Trmt           ####..       1%          1    None
b - Sticks to Snakes      Trmt           ####......   1%          2    None
c - Spider Form           Trmt/Pois      ###.......   3%          3    ###....
d - Blade Hands           Trmt           ####......   4%          5    #####..


Dungeon Overview and Level Annotations

Branches:
Dungeon (9/27)             Temple (1/1) D:4             Orc (0/4) D:7
   Lair: D:8-13

Altars:
Ashenzari
Cheibriados
Elyvilon
Fedhas
Kikubaaqudgha
Makhleb
Nemelex Xobeh
Okawaru
Sif Muna
Trog
Vehumet
Xom
Yredelemnul
Zin
the Shining One

Annotations:
D:9 Grum


Innate Abilities, Weirdness & Mutations

You can breathe blasts of noxious fumes.*
Your lurid green scales are hard (AC +7).*
Your body does not fit into most forms of armour.
Your cold-blooded metabolism reacts poorly to cold.
Your system is resistant to poisons.*
You have a pair of horns on your head.*


Message History

The wolf bites you!
* * * LOW HITPOINT WARNING * * *
You are too injured to fight recklessly!
Unknown command.
Use which ability? (? or * to list)
Press: ? - help, Shift-Dir - straight line, f - wolf
Aim: a wolf You exhale a blast of noxious fumes.
The blast of choking fumes misses the wolf.
You are feeling hungry.
The wolf is engulfed in noxious fumes.
The wolf appears confused.
The wolf bites you!
* * * LOW HITPOINT WARNING * * *
The wolf is engulfed in noxious fumes.
The wolf bites you but does no damage.
Read which item? (? for menu, Esc to quit)
As you read the scroll of fear, it crumbles to dust.
You assume a fearsome visage.
The wolf looks frightened!
The wolf is engulfed in noxious fumes.
The wolf appears confused.
The wolf bites you.
You die...

.##..# #..########
.....# #..#
.....###..#
#.........########
#...............§#
................§#
.....###.#######§#
.....# #.# #h#
.....# #.# #@#
.#..## #.#######.#
.#.#####.........#
.................#
.................#
.................#
>>...............#
.................#
.................#


You could see a wolf (confused).

Vanquished Creatures
  The ghost of Nicoed the Shield-Bearer, an experienced DDFi of Yredelemnul (D:6)
  A hungry ghost (D:7)
  A wolf (D:8)
  2 orc warriors
  An ice beast (D:6)
  3 ogres
  3 centaurs
  A warg (D:8)
  A water moccasin (D:7)
  3 giant frogs
  4 wights (D:7)
  A yak skeleton (D:8)
  9 crimson imps
  A hound (D:5)
  5 orc priests
  10 orc wizards
  3 scorpions
  An iguana (D:4)
  7 worker ants
  A big kobold skeleton (D:7)
  10 adders
  4 gnolls (D:6)
  A giant centipede (D:7)
  A giant mite (D:5)
  2 inept feature mimics
  7 worms
  3 adder skeletons
  2 giant eyeballs
  4 giant geckos
  An ooze (D:5)
  31 orcs
  5 giant cockroaches
  13 goblins
  17 hobgoblins
  4 jackals (D:2)
  11 kobolds
  6 quokkas
  3 ball pythons
  7 bats
  3 giant newts
  2 giant spores
  An orc zombie (D:5)
  A quokka skeleton (D:6)
  32 rats
  17 ballistomycetes
247 creatures vanquished.

Vanquished Creatures (collateral kills)
  A rat (D:1)
1 creature vanquished.

Vanquished Creatures (others)
  3 giant spores
  A ballistomycete (D:8)
4 creatures vanquished.

Grand Total: 252 creatures vanquished

Notes
Turn   | Place    | Note
--------------------------------------------------------------
     0 | D:1      | Kae, the Draconian Transmuter, began the quest for the Orb.
     0 | D:1      | Reached XP level 1. HP: 16/16 MP: 1/1
    80 | D:1      | Reached XP level 2. HP: 17/23 MP: 3/3
    89 | D:1      | Learned a level 2 spell: Sticks to Snakes
  1045 | D:2      | Reached XP level 3. HP: 23/28 MP: 1/4
  1212 | D:2      | Found a bloodstained altar of Trog.
  1571 | D:3      | Learned a level 3 spell: Spider Form
  1673 | D:3      | Reached skill level 4 in Unarmed Combat
  1673 | D:3      | Reached XP level 4. HP: 18/35 MP: 3/6
  2672 | D:3      | Found a blossoming altar of Fedhas.
  2735 | D:4      | Reached XP level 5. HP: 27/40 MP: 8/8
  2773 | D:4      | HP: 2/40 [poisoned by a scorpion]
  3255 | D:4      | Noticed an ogre
  3256 | D:4      | Paralysed by a giant eyeball for 3 turns
  3688 | D:4      | HP: 2/40 [orc priest/divine providence (12)]
  3691 | D:4      | Reached skill level 5 in Unarmed Combat
  3697 | D:4      | Reached XP level 6. HP: 12/47 MP: 7/10
  4071 | D:5      | Entered Level 5 of the Dungeon
  4167 | D:5      | HP: 2/47 [poisoned by an adder]
  4781 | D:5      | Found a sparkling altar of Nemelex Xobeh.
  5324 | D:5      | Your scales start taking on a lurid green colour.
  5324 | D:5      | Gained mutation: Your system is resistant to poisons. [draconian maturity]
  5324 | D:5      | Reached XP level 7. HP: 34/52 MP: 12/12
  5585 | D:5      | Reached skill level 5 in Transmutations
  5818 | D:4      | Reached skill level 6 in Unarmed Combat
  5838 | D:4      | Found a staircase to the Ecumenical Temple.
  5864 | D:4      | Killed an ogre
  6050 | Temple   | Entered the Ecumenical Temple
  6188 | Temple   | Became a worshipper of Sif Muna the Loreminder
  6711 | D:5      | Reached XP level 8. HP: 12/60 MP: 12/16
  6922 | D:6      | Reached skill level 7 in Unarmed Combat
  6989 | D:6      | Noticed Nicoed's ghost (experienced DDFi)
  7071 | D:6      | HP: 2/60 [Nicoed's ghost (2)]
  7073 | D:6      | Killed Nicoed's ghost
  7073 | D:6      | Acquired Sif Muna's first power
  7865 | D:6      | Noticed an angel
  7866 | D:6      | Found a glowing silver altar of Zin.
  7998 | D:7      | Reached skill level 8 in Unarmed Combat
  8113 | D:7      | Reached skill level 5 in Spellcasting
  8120 | D:7      | Found a staircase to the Orcish Mines.
  8276 | D:6      | Reached XP level 9. HP: 33/66 MP: 19/19
  9306 | D:7      | Acquired Sif Muna's second power
 10190 | D:8      | Found a burning altar of Makhleb.
 10626 | D:8      | Reached skill level 9 in Unarmed Combat
 11196 | D:8      | Learned a level 5 spell: Blade Hands
 11397 | D:8      | Found a staircase to the Orcish Mines.
 11437 | D:8      | the staircase to the Orcish Mines was a mimic.
 11884 | D:9      | Noticed Grum
 11909 | D:8      | HP: 1/66 [wolf[Grum] (10)]
 11910 | D:8      | Slain by a wolf

Action                   |  1- 3 |  4- 6 |  7- 9 || total
-------------------------+-------+-------+-------++-------
Melee: Unarmed           |   164 |   324 |   627 ||  1115
 Cast: Sticks to Snakes  |     4 |       |    17 ||    21
       Beastly Appendage |     3 |    16 |    45 ||    64
       Spider Form       |       |     3 |    10 ||    13
 Abil: Breathe Noxious F |       |       |    10 ||    10
  Use: Potion            |       |     7 |     1 ||     8
       Scroll            |       |       |    15 ||    15
 Stab: Sleeping          |       |       |     1 ||     1
       Distracted        |       |       |     3 ||     3
